 Dungeon Crawl Stone Soup version 0.27-a0-1191-g601b473118 (webtiles) character file.

Game seed: 12837077288815205475

2613 polve the Slicer (level 9, -4/48 HPs)
             Began as a Vine Stalker Fighter on May 23, 2021.
             Was a Follower of Uskayaw.
             Slain by a hornet (8 damage)
             ... on level 7 of the Dungeon.
             The game lasted 00:06:14 (6117 turns).

polve the Slicer (Vine Stalker Fighter)             Turns: 6117, Time: 00:06:15

Health: -4/48      AC:  9    Str: 20    XL:     9   Next: 60%
Magic:  0/10       EV:  6    Int:  8    God:    Uskayaw [*.....]
Gold:   389        SH: 11    Dex: 16    Spells: 8/8 levels left

rFire    . . .     SeeInvis +   a - +0 rapier
rCold    . . .     Faith    .   c - +0 kite shield
rNeg     . . .     Spirit   +   j - +0 chain mail
rPois    .         Reflect  .   (no helmet)
rElec    .         Harm     .   (no cloak)
rCorr    .         Rampage  .   (no gloves)
Will     +....                  (no boots)
Stlth    ..........             (no amulet)
HPRegen  1.16/turn              h - ring of see invisible
MPRegen  0.12/turn              (no ring)

@: attractive, slowed, very slow
A: fangs 3, regeneration 1, magic shield, antimagic bite, no potion heal 2
a: Renounce Religion, Stomp


You were on level 7 of the Dungeon.
You worshipped Uskayaw.
Uskayaw was noncommittal.
You visited 2 branches of the dungeon, and saw 8 of its levels.

You collected 389 gold pieces.

Inventory:

Hand Weapons
 a - a +0 rapier (weapon)
Missiles
 m - 6 curare-tipped darts (quivered)
Armour
 c - a +0 kite shield (worn)
 j - a +0 chain mail (worn)
Jewellery
 h - a ring of see invisible (left hand)
 w - a +4 ring of evasion
Wands
 k - a wand of mindburst (25)
 q - a wand of flame (16)
Scrolls
 d - 3 scrolls of blinking {unknown}
 f - 5 scrolls of identify {unknown}
 g - a scroll of vulnerability {unknown}
 i - 3 scrolls of teleportation {unknown}
 l - 2 scrolls of enchant armour {unknown}
 n - a scroll of enchant weapon {unknown}
 o - a scroll of immolation {unknown}
 p - a scroll of magic mapping {unknown}
 r - a scroll of fear {unknown}
 t - 2 scrolls of amnesia {unknown}
 u - a scroll of noise {unknown}
Potions
 b - 4 potions of curing
 e - 3 potions of attraction
 s - a potion of brilliance {unknown}
 v - 2 potions of cancellation {unknown}


   Skills:
 - Level 6.0 Fighting
 - Level 8.0 Short Blades
 - Level 4.0 Armour
 + Level 6.6 Shields


You had 8 spell levels left.
You didn't know any spells.
Your spell library contained the following spells:

 Spells                   Type           Power      Damage    Failure   Level
 Animate Skeleton         Necr           0%         N/A       100%        1
 Apportation              Tloc           0%         N/A       100%        1
 Beastly Appendage        Tmut           0%         N/A       100%        1
 Corona                   Hex            0%         N/A       100%        1
 Summon Small Mammal      Summ           0%         N/A       100%        1
 Ensorcelled Hibernation  Hex/Ice        0%         N/A       100%        2
 Wereblood                Tmut           0%         N/A       100%        2
 Confusing Touch          Hex            0%         N/A       100%        3
 Dazzling Flash           Conj/Hex       0%         N/A       100%        3
 Spider Form              Tmut/Pois      0%         N/A       100%        3
 Tukima's Dance           Hex            0%         N/A       100%        3
 Ice Form                 Ice/Tmut       0%         N/A       100%        4
 Hydra Form               Tmut           0%         N/A       100%        5


Dungeon Overview and Level Annotations

Branches:
Dungeon (7/15)             Temple (1/1) D:5

Altars:
Ashenzari
Cheibriados
Dithmenos
Elyvilon
Gozag
Kikubaaqudgha
Makhleb
Nemelex Xobeh
Okawaru
Qazlal
Sif Muna
Uskayaw
Wu Jian
Xom
Yredelemnul
Zin


Innate Abilities, Weirdness & Mutations

You have razor-sharp teeth.
Your natural rate of healing is unusually fast.
When hurt, damage is shared between your health and your magic reserves.
Your bite disrupts and absorbs the magic of your enemies.
Potions cannot restore your health.


Message History

A hornet is nearby!
A hornet is nearby!
The hornet stings you.
You feel yourself slow down.
You hit the hornet but do no damage. Your bite misses the hornet.
The hornet stings you.
You are poisoned.
You feel as though you will be slow longer.
The hornet barely misses you.
You hit the hornet but do no damage. You bite the hornet! You drain its power.
You feel invigorated.
The hornet is moderately wounded.
You feel very sick. You block the hornet's attack. The hornet stings you!
You suddenly lose the ability to move!
You can move again.
You are too injured to fight recklessly!
You are too injured to fight recklessly!
You are too injured to fight recklessly!
You are too injured to fight recklessly!
You miss the hornet. Your bite misses the hornet.
The hornet is moderately wounded.
You feel yourself speed up.
You feel very sick. The hornet stings you.
You shrug off the repeated paralysis!
The hornet stings you!
You feel yourself slow down. The hornet stings you!
You feel as though you will be slow longer.
You closely miss the hornet. Your bite misses the hornet.
The hornet is moderately wounded.
You feel sick. The hornet stings you!
* * * LOW HITPOINT WARNING * * *
You feel as though you will be slow longer.
The hornet barely misses you.
Your system rejects the healing.
You feel better. The hornet stings you!
* * * LOW HITPOINT WARNING * * *
You feel as though you will be slow longer.
The hornet stings you but does no damage.
It was a potion of attraction.
You feel attractive to monsters. The hornet stings you!
You die...

##.######.#
#......# #
#..# .#
##.#####'###
#..#.......
##.#.......
#.........
##........
#.###+###
#@.# ##y# .#
.. #.# ..
#.. ..


You could see a hornet.

Vanquished Creatures
  Grinder (D:3)
  Prince Ribbit (D:6)
  Menkaure (D:6)
  A water moccasin (D:7)
  A sky beast (D:6)
  A black bear (D:6)
  An ice beast (D:5)
  A necrophage (D:5)
  2 phantoms
  2 bullfrogs (D:7)
  A scorpion (D:5)
  A wyvern zombie (D:5)
  A wyvern skeleton (D:4)
  3 water moccasin skeletons (D:5)
  4 wights (D:7)
  4 howler monkeys
  A gnoll shaman (D:5)
  A bullfrog skeleton (D:4)
  6 hounds
  A jelly (D:6)
  A centaur skeleton (D:7)
  Terence (D:2)
  An iguana (D:4)
  4 orc wizards
  2 hound skeletons
  A howler monkey zombie (D:6)
  9 gnolls
  6 adders
  A shadow imp (D:7)
  An ufetubus (D:5)
  4 worms
  A dart slug (D:3)
  11 orcs
  6 ball pythons
  8 bats
  9 endoplasms
  3 giant cockroaches
  8 goblins
  10 hobgoblins
  7 jackals
  5 kobolds
  4 quokkas
  8 frilled lizards
  2 rats
148 creatures vanquished.

Notes
Turn   | Place    | Note
-------+----------+-------------------------------------------
     0 | D:1      | polve the Vine Stalker Fighter began the quest for the Orb.
     0 | D:1      | Reached XP level 1. HP: 11/11 MP: 2/2
    52 | D:1      | Found a faded altar of an unknown god.
    66 | D:1      | Reached skill level 2 in Short Blades
    79 | D:1      | Reached XP level 2. HP: 9/16 MP: 1/3
   381 | D:1      | Reached skill level 3 in Short Blades
   531 | D:1      | Reached XP level 3. HP: 19/19 MP: 4/4
  1462 | D:2      | Gained mutation: Your natural rate of healing is unusually
                  | fast. [Vine Stalker growth]
  1462 | D:2      | Reached XP level 4. HP: 20/23 MP: 5/5
  1544 | D:2      | Reached skill level 4 in Short Blades
  1782 | D:2      | Noticed Terence
  1798 | D:2      | Killed Terence
  2273 | D:3      | Reached XP level 5. HP: 26/28 MP: 4/6
  2403 | D:3      | Found an iron altar of Okawaru.
  2408 | D:3      | Noticed Grinder
  2425 | D:3      | Paralysed by Grinder for 7 turns
  2434 | D:3      | Paralysed by Grinder for 5 turns
  2445 | D:3      | Paralysed by Grinder for 3 turns
  2449 | D:3      | Killed Grinder
  2450 | D:3      | Reached skill level 5 in Short Blades
  2450 | D:3      | Reached XP level 6. HP: 32/34 MP: 3/7
  3411 | D:4      | Reached skill level 5 in Fighting
  3411 | D:4      | Reached XP level 7. HP: 29/39 MP: 8/8
  3856 | D:5      | Entered Level 5 of the Dungeon
  4111 | D:5      | Reached skill level 6 in Short Blades
  4112 | D:5      | Gained mutation: You have razor-sharp teeth. [Vine Stalker
                  | growth]
  4112 | D:5      | Reached XP level 8. HP: 26/44 MP: 6/9
  4282 | D:5      | Found a staircase to the Ecumenical Temple.
  4724 | Temple   | Entered the Ecumenical Temple
  4803 | Temple   | Became a worshipper of Uskayaw the Reveller
  5235 | D:6      | Reached * piety under Uskayaw
  5237 | D:6      | Reached ** piety under Uskayaw
  5241 | D:6      | Reached *** piety under Uskayaw
  5282 | D:6      | Reached skill level 7 in Short Blades
  5415 | D:6      | Noticed Prince Ribbit
  5422 | D:6      | Killed Prince Ribbit
  5423 | D:6      | Reached XP level 9. HP: 43/48 MP: 10/10
  5461 | D:6      | Noticed Menkaure
  5466 | D:6      | Killed Menkaure
  5491 | D:6      | Found a burning altar of Makhleb.
  5529 | D:6      | Reached skill level 5 in Shields
  6040 | D:7      | Reached **** piety under Uskayaw
  6041 | D:7      | Reached skill level 8 in Short Blades
  6043 | D:7      | Reached ***** piety under Uskayaw
  6109 | D:7      | Noticed a hornet
  6113 | D:7      | Paralysed by a hornet for 1 turns
  6117 | D:7      | Slain by a hornet

Illustrated notes

Levels and vault maps discovered:
D:1:      saegor_arrival_simple_b, layout_basic, shapermc_ecumenical_altar_venn
D:2:      layout_basic, uniq_terence
D:3:      layout_basic, nicolae_overflow_crystal_walls, uniq_grinder
D:4:      layout_loops_ring
D:5:      kennysheep_spiral_hall, layout_basic, minmay_temple_entry_poolview
D:6:      layout_basic, amcnicky_altar_gilded, uniq_prince_ribbit1,
          uniq_menkaure
D:7:      minmay_chambers_of_fours, layout_basic, serial_shops, shop
Temple:   nicolae_temple_great_sept

Skill      XL: |  1  2  3  4  5  6  7  8  9 |
---------------+----------------------------+-----
Short Blades   | 2 3 4 5 6 7 8 |  8.0
Fighting       | 4 5 6 |  6.0
Shields        | 4 6 |  6.6
Armour         | 4 |  4.0

Action                   |  1- 3 |  4- 6 |  7- 9 || total
-------------------------+-------+-------+-------++-------
Melee: Rapier            |   114 |   176 |   285 ||   575
       Bite              |    26 |    44 |   105 ||   175
       Unarmed           |       |     5 |       ||     5
  Use: Potion            |       |     4 |     2 ||     6
 Stab: Paralysed         |       |       |     4 ||     4
Armor: Scale mail        |    61 |       |       ||    61
       Chain mail        |       |    69 |   122 ||   191
       Skin              |       |     3 |       ||     3
Dodge: Dodged            |    31 |    26 |    54 ||   111
Block: Kite shield       |    64 |    64 |   141 ||   269

Table legend: (Time is in decaauts)
 A = Elapsed time spent in this place.
 B = Non-inter-level travel time spent in this place.
 C = Inter-level travel time spent in this place.
 D = Time resting spent in this place.
 E = Time spent auto-exploring this place.
 F = Levels seen in this place.
 G = Mean time per level.
                   A        B        C        D        E       F      G
               +--------+--------+--------+--------+--------+-----+--------+
         Total |   6227 |   6009 |    218 |      0 |   4824 |   8 |  778.4 |
       Dungeon |   6137 |   5929 |    208 |      0 |   4753 |   7 |  876.7 |
        Temple |     89 |     80 |      9 |      0 |     71 |   1 |   89.0 |
               +--------+--------+--------+--------+--------+-----+--------+

Top non-repeatable levels by time:
     D:1: 1277 daAuts
     D:5: 1253 daAuts
     D:2: 1029 daAuts
     D:3: 912 daAuts
     D:4: 774 daAuts
     D:6: 717 daAuts
     D:7: 172 daAuts
  Temple: 89 daAuts
